 Dungeon Crawl Stone Soup version 0.32-a0-699-g1ee5eff69a (webtiles) character file.

Game seed: 6925122397941357618

184 BeKind the Chiller (level 5, -2/31 HPs)
             Began as an Octopode Ice Elementalist on Mar 14, 2024.
             Was an Initiate of Gozag.
             Slain by an ice beast (12 damage)
             ... on level 4 of the Dungeon.
             The game lasted 00:04:06 (3590 turns).

BeKind the Chiller (Octopode Ice Elementalist)      Turns: 3590, Time: 00:04:07

Health: -2/31      AC:  1    Str:  7    XL:     5   Next: 63%
Magic:  10/10      EV: 13    Int: 20    God:    Gozag
Gold:   353        SH:  0    Dex: 12    Spells: 0/10 levels left

rFire   . . .        g - +0 dagger
rCold   . . .        (no shield)
rNeg    . . .        (helmet restricted)
rPois   .            (no amulet)
rElec   .            d - ring of willpower
rCorr   .            (no ring)
SInv    .            (no ring)
Will    +....        (no ring)
Stlth   +++          (no ring)
HPRegen 0.25/turn    (no ring)
MPRegen 0.12/turn    (no ring)
                     (no ring)

%: no passive effects
@: no status effects
A: almost no armour, amphibious, 8 rings, camouflage 1, gelatinous body 1,
(nimble swimmer 1), tentacles
a: Renounce Religion, Potion Petition, Call Merchant, Bribe Branch


You were on level 4 of the Dungeon.
You worshipped Gozag.
Gozag was aware of your devotion.
You visited 1 branch of the dungeon, and saw 5 of its levels.

You collected 381 gold pieces.
You paid 28 gold pieces to Gozag.

Inventory:

Hand Weapons
 g - a +0 dagger (weapon)
Jewellery
 d - a ring of willpower (left tentacle)
Wands
 l - a wand of iceblast (1)
 o - a wand of paralysis (6)
Scrolls
 c - a scroll of acquirement {unknown}
 e - 2 scrolls of fear {unknown}
 f - 2 scrolls of identify {unknown}
 h - a scroll of blinking {unknown}
 j - a scroll of fog
 k - a scroll of poison {unknown}
 m - 2 scrolls of amnesia {unknown}
Potions
 a - a potion of magic
 b - 3 potions of curing {unknown}
 i - 2 potions of heal wounds {unknown}
 n - 2 potions of lignification {unknown}
 p - a potion of brilliance {unknown}
 q - a potion of attraction {unknown}
 r - a potion of berserk rage {unknown}


   Skills:
 + Level 3.6 Dodging
 - Level 3.0 Stealth
 + Level 3.3 Spellcasting
 + Level 5.0 Ice Magic


You couldn't memorise any spells.
You knew the following spells:

 Your Spells              Type           Power      Damage    Failure   Level
a - Freeze                Ice            92%        1d9       1%          1
b - Frozen Ramparts       Ice            46%        1d7       5%          3
c - Ozocubu's Armour      Ice            23%        N/A       5%          3
d - Summon Ice Beast      Ice/Summ       13%        N/A       14%         3

Your spell library contained the following spells:

 Spells                   Type           Power      Damage    Failure   Level
 Lesser Beckoning         Tloc           6%         N/A       21%         2
 Dazzling Flash           Conj/Hex       6%         N/A       38%         3
 Gell's Gravitas          Tloc           3%         N/A       38%         3
 Mephitic Cloud           Conj/Alch/Air  3%         N/A       38%         3
 Teleport Other           Tloc           3%         N/A       38%         3
 Curse of Agony           Necr           3%         N/A       98%         5
 Silence                  Hex/Air        1%         N/A       98%         5


Dungeon Overview and Level Annotations

Branches:
Dungeon (5/15)
 Temple: D:4-7

Altars:
Fedhas
Gozag
Hepliaklqana
Okawaru

Shops:
D:3 ?

Annotations:
D:3 2 transporters, smashvw's ghost, amateur MDFi
D:4 Dowan; Duvessa


Innate Abilities, Weirdness & Mutations

You cannot wear most types of armour.
You are amphibious.
You can wear up to eight rings at the same time.
Your skin changes colour to match your surroundings (Stealth+).
Your rubbery body absorbs attacks. (AC +1, EV +1)
((You are camouflaged when in or above water. (Stealth+)))
You have tentacles for arms and can constrict up to eight enemies at once.


Message History

You can't see any susceptible monsters within range! (Use Z to cast anyway.)
You start resting.
Your magical contamination has completely faded away.
You start resting.
The frozen ramparts melt away.
You start resting.
HP restored.
You now have 339 gold pieces (gained 6).
You see here a +0 dagger.
This spell is quite dangerous to cast!
You start memorising the spell.
You continue memorising. x3
You finish memorising.
Spell assigned to 'd'.
You now have 347 gold pieces (gained 8).
Things that are here:
a +0 club; a +0 ring mail You now have 353 gold pieces (gained 6).
Things that are here:
a +0 club; a +0 leather armour
There is a stone staircase leading down here.
You start resting.
Magic restored.
You start waiting.
Done waiting.
You climb downwards.
The ice beast barely misses you. The orc hits you with a +0 flail!
The orc hits you with a +0 flail. The orc barely misses you.
The orc closely misses you. The ice beast closely misses you.
There is a stone staircase leading up, spattered with blood here.
Casting: Freeze (safe; 1% risk of failure)
Confirm with . or Enter, or press ? or * to list all spells.
Okay, then.
The ice beast barely misses you. The orc closely misses you.
The orc hits you with a +0 flail.
You climb upwards.
Level annotation: Dowan; Duvessa
There is a stone staircase leading down here.
As you read the scroll labelled BUTYIB JINEMP, it dissolves into smoke.
It was a scroll of fog.
The orc barely misses you. The ice beast hits you. The ice beast freezes you!
You die...
Your body crumbles into a pile of gold.

#..# #.....###..######
#..# ## ##....#.....#
...# #. #..........#
...## #.## #..........#
>.## #.(# ##........# .##
#.####.........# .e..#
#§[#§...#..#.### ....e
##oo§.....#..# .#.##
##§@Y§...##.## # #
.###.§§§....##.####
$...§§§..|....<....
.)#.........)...######
#..........#####.#..
...##.......# #.#.# # ##
#........##..#####.#.###
.#
#........##..##....#.##.
.#
#.........##.....##......


You could see an ice beast and 2 orcs.

Vanquished Creatures
  An orc priest (D:4)
  Ijyb (D:3)
  Robin (D:3)
  3 adders
  2 dart slugs (D:1)
  A ribbon worm (D:3)
  5 orcs
  2 ball pythons (D:3)
  3 bats
  7 endoplasms
  A giant cockroach (D:2)
  8 goblins
  7 hobgoblins
  12 jackals
  4 kobolds
  2 quokkas
  5 frilled lizards
  4 rats
69 creatures vanquished.

Notes
Turn   | Place    | Note
-------+----------+-------------------------------------------
     0 | D:1      | BeKind the Octopode Ice Elementalist began the quest for
                  | the Orb.
     0 | D:1      | Reached XP level 1. HP: 11/11 MP: 3/3
   157 | D:1      | Reached XP level 2. HP: 13/17 MP: 3/5
   342 | D:1      | You fall into a shaft and drop 1 floor!
   582 | D:2      | Reached XP level 3. HP: 8/21 MP: 0/6
   586 | D:2      | Learned a level 3 spell: Frozen Ramparts
  1076 | D:1      | Learned a level 3 spell: Ozocubu's Armour
  1490 | D:2      | Reached XP level 4. HP: 20/27 MP: 6/8
  1614 | D:2      | Found an opulent altar of Gozag.
  1623 | D:2      | Became a worshipper of Gozag Ym Sagoz the Greedy
  2140 | D:3      | Found Nothyih's Magic Scroll Emporium.
  2377 | D:3      | Noticed Ijyb
  2378 | D:3      | Noticed Robin
  2393 | D:3      | Killed Ijyb
  2396 | D:3      | Killed Robin
  2397 | D:3      | Reached XP level 5. HP: 31/31 MP: 0/9
  2757 | D:3      | Found a transporter.
  2760 | D:3      | Noticed smashvw's ghost (amateur MDFi)
  2765 | D:3      | Found a transporter.
  2771 | D:3      | Noticed a phantom
  3072 | D:4      | Found an iron altar of Okawaru.
  3112 | D:4      | Found a blossoming altar of Fedhas.
  3320 | D:4      | Noticed Duvessa
  3320 | D:4      | Noticed Dowan
  3381 | D:4      | Found a hazy altar of Hepliaklqana.
  3415 | D:5      | Entered Level 5 of the Dungeon
  3421 | D:5      | Noticed an ice beast
  3431 | D:4      | Reached skill level 5 in Ice Magic
  3475 | D:4      | Learned a level 3 spell: Summon Ice Beast
  3590 | D:4      | Slain by an ice beast

Illustrated notes

Levels and vault maps discovered:
D:1:      lemuel_arrival_river_ford, layout_loops_ring, serial_co_window_serial,
          co_window_cross_1, co_window_paths_a, co_window_paths_a,
          co_window_corner_a, co_window_of_opportunity_a, co_window_corner_b,
          co_window_corner_ca, co_window_corner_b, glass_columns_a,
          glass_columns_a, glass_columns_a, glass_columns_a,
          amcnicky_mini_pool_small, minmay_misc_feat_pillars
D:2:      layout_loops_corners, basic_altar, kennysheep_doodads
D:3:      layout_loops_ring, serial_shops, shop, gammafunk_ghost_mausoleum,
          nicolae_goblin_pals
D:4:      cheibrodos_greedy_goblins, layout_rooms, mainiacjoe_overflow_paths,
          lemuel_tele_altar, nicolae_overflow_crystal_walls, uniq_duvessa
D:5:      layout_basic, gammafunk_temple_overflow_forgotten, serial_shops,
          nicolae_stop_n_shop_2, uniq_edmund

Skill      XL: |  1  2  3  4  5 |
---------------+----------------+-----
Stealth        | 3 |  3.0
Dodging        | 3 |  3.6
Spellcasting   | 3 |  3.3
Ice Magic      | 5 |  5.0

Action                     |  1- 3 |  4- 6 || total
---------------------------+-------+-------++-------
  Melee: Constrict         |    13 |     8 ||    21
         Unarmed           |     4 |       ||     4
         Dagger            |    42 |    36 ||    78
         Punch             |     1 |       ||     1
         Tentacles         |     7 |     8 ||    15
   Cast: Freeze            |    19 |     5 ||    24
         Frozen Ramparts   |       |     4 ||     4
    Use: Scroll            |       |     1 ||     1
   Stab: Sleeping          |     9 |     4 ||    13
         Distracted        |       |     1 ||     1
 Armour: Skin              |    25 |    24 ||    49
  Dodge: Dodged            |    33 |    34 ||    67

Table legend: (Time is in decaauts)
 A = Elapsed time spent in this place.
 B = Non-inter-level travel time spent in this place.
 C = Inter-level travel time spent in this place.
 D = Time resting spent in this place.
 E = Time spent auto-exploring this place.
 F = Levels seen in this place.
 G = Mean time per level.
                   A        B        C        D        E       F      G
               +--------+--------+--------+--------+--------+-----+--------+
         Total |   3590 |   3435 |    155 |    142 |   2788 |   5 |  718.0 |
       Dungeon |   3590 |   3435 |    155 |    142 |   2788 |   5 |  718.0 |
               +--------+--------+--------+--------+--------+-----+--------+

Top non-repeatable levels by time:
     D:2: 1082 daAuts
     D:3: 980 daAuts
     D:1: 962 daAuts
     D:4: 557 daAuts
     D:5: 7 daAuts
